 Dungeon Crawl Stone Soup version 0.32-a0-913-g739538a (webtiles) character file.

Game seed: 2146956364943892552

2058 Jonathan123 the Slasher (level 9, 0/68 HPs)
             Began as a Coglin Gladiator on Apr 9, 2024.
             Was a Follower of Okawaru.
             Killed from afar by an electric eel (2 damage)
             ... with a bolt of electricity
             ... on level 6 of the Dungeon.
             The game lasted 00:08:34 (5396 turns).

Jonathan123 the Slasher (Coglin Gladiator)          Turns: 5396, Time: 00:08:34

Health: 0/68       AC: 12    Str: 15    XL:     9   Next: 25%
Magic:  10/10      EV:  8    Int:  8    God:    Okawaru [*.....]
Gold:   341        SH:  0    Dex: 19    Spells: 8/8 levels left

rFire   + . .        a - +1 long sword {Sieglinde}
rCold   + . .        f - +1 long sword {Yuphin}
rNeg    . . .        l - +0 chain mail
rPois   +            c - +0 helmet
rElec   +            (no cloak)
rCorr   +            o - +0 pair of gloves
SInv    .            (no boots)
Will    .....        (amulet unavailable) Stlth
                     (ring unavailable)
HPRegen 0.31/turn    (ring unavailable)
MPRegen 0.12/turn    (no gizmo)

%: no passive effects
@: resistant, attractive, revving, very slow
A: off-hand wielding, slow wielding, warmup strikes, no jewellery
a: Invent Gizmo, Renounce Religion, Heroism


You were on level 6 of the Dungeon.
You worshipped Okawaru.
Okawaru was aware of your devotion.
You visited 1 branch of the dungeon, and saw 6 of its levels.

You collected 422 gold pieces.
You spent 81 gold pieces at shops.


Innate Abilities, Weirdness & Mutations

You can wield a second weapon in your off-hand.
It takes a long time for you to wield or remove held weapons.
Your first few attacks do less damage.
You cannot equip rings or amulets.


   Skills:
 + Level 5.5 Fighting
 * Level 7.9 Long Blades
 - Level 1.7 Throwing
 + Level 4.5 Armour
 + Level 5.3 Dodging
 + Level 2.0 Invocations


You had 8 spell levels left.
You didn't know any spells.
Your spell library contained the following spells:

 Spells                   Type           Power      Damage    Failure   Level
 Slow                     Hex            0%         N/A       99%         1
 Confusing Touch          Hex            0%         N/A       100%        3
 Sigil of Binding         Hex            0%         N/A       100%        3
 Vampiric Draining        Necr           0%         2d6       100%        3
 Dimensional Bullseye     Hex/Tloc       0%         N/A       100%        4
 Call Canine Familiar     Summ           Unusable   N/A       N/A         3

Inventory:

Hand Weapons
 a - a +1 long sword (weapon) {Sieglinde}
 f - a +1 long sword (offhand) {Yuphin}
Missiles
 d - 3 throwing nets {!f}
 e - a javelin (quivered)
Armour
 c - a +0 helmet (worn)
 l - a +0 chain mail (worn)
 o - a +0 pair of gloves (worn)
Wands
 k - a wand of flame (17)
Scrolls
 i - a scroll of identify {@r1}
 B - 2 scrolls of blinking {!r}
Potions
 b - a potion of lignification {unknown}
 g - a potion of heal wounds {unknown}
 j - a potion of haste {unknown}
 m - a potion of degeneration {unknown}
 n - a potion of resistance {!q}
 p - a potion of ambrosia {unknown}
 q - 3 potions of curing {@q2}
 s - a potion of attraction {!q}

Dungeon Overview and Level Annotations

Branches:
Dungeon (6/15) Zot: 26424  Temple (0/1) D:6

Altars:
Nemelex Xobeh
Okawaru
Trog
Vehumet
Wu Jian
Xom

Shops:
D:4 *

Annotations:
D:6 1 runed translucent door, Crazy Yiuf

...♣ P~~
~≈≈≈≈≈≈~≈~~~~~~
##~PP~~
~≈≈≈≈≈≈≈≈≈≈~♣~~♣
.♣ ~~~~
~≈≈≈≈≈≈≈≈≈~≈~†~♣P
#♣ ~~~
≈≈≈≈≈≈≈≈≈≈~≈~~~~~P
.♣ ~
~≈~≈≈≈≈≈≈≈≈≈≈~~~~~
##
P~~≈≈≈≈≈≈≈≈~~P~P~~
#
~~P≈≈≈≈≈≈≈~~~♣P~~♣
♣~≈≈≈h~~PP~~~P
P~~~~♣@S~~P~♣♣~#
~~♣ ♣~♣♣~.♣♣
♣.5♣♣♣♣..# .!...
##.## ## ####.#
###...# .# ..
#...#.# .# ####
#.#...# .# ..#
#.##### .# #.# #.#


You could see a howler monkey, an electric eel and an ufetubus.


Message History

A howler monkey comes into view.
You take 8 damage, and have 3/68 hp.
It was a potion of resistance.
You feel protected.
n - a potion of resistance;
g - a ruby potion The electric eel shoots out a bolt of lightning at you!
The bolt of electricity misses you.
It was a potion of attraction.
You feel attractive to monsters.
s - a potion of attraction The electric eel is attracted toward you.
The howler monkey is attracted toward you.
You are too injured to fight recklessly!
You are too injured to fight recklessly!
The electric eel shoots out a bolt of lightning at you!
The bolt of electricity hits you. You resist.
* * * LOW HITPOINT WARNING * * *
You hear a shout!
You take 2 damage, and have 1/68 hp.
Your unstable footing causes you to fumble your attack. x2
You slash the electric eel with your +1 long sword!
The electric eel is heavily wounded.
You barely miss the electric eel with your +1 long sword.
The howler monkey splashes around in the water.
You hit the electric eel but do no damage.
The electric eel is heavily wounded.
Your unstable footing causes you to fumble your attack.
The electric eel shoots out a bolt of lightning at you!
The bolt of electricity hits you. You resist.
You die...

Skill      XL: |  1  2  3  4  5  6  7  8  9 |
---------------+----------------------------+-----
Armour         | 1 2 3 4 |  4.5
Dodging        | 3 4 5 |  5.3
Long Blades    | 4 5 6 7 |  7.9
Fighting       | 3 4 5 |  5.5
Invocations    | 1 2 |  2.0
Throwing       | |  1.7

Action                     |  1- 3 |  4- 6 |  7- 9 || total
---------------------------+-------+-------+-------++-------
  Melee: Long sword        |   116 |   247 |   241 ||   604
         Dagger            |    13 |       |       ||    13
  Throw: Javelin           |     1 |       |       ||     1
 Invoke: Heroism           |       |       |     2 ||     2
    Use: Scroll            |       |     5 |     5 ||    10
         Potion            |       |     2 |     2 ||     4
 Armour: Leather armour    |     4 |       |       ||     4
         Scale mail        |    51 |   155 |       ||   206
         Chain mail        |       |     7 |   137 ||   144
  Dodge: Dodged            |    40 |   121 |    61 ||   222

Levels and vault maps discovered:
D:1:      dpeg_arrival_stone_temple_mockup, layout_loops_ring
D:2:      layout_basic, minivault_27
D:3:      layout_basic, xom_butterflies
D:4:      layout_gridville, serial_shops, shop, minmay_misc_feat_more_columns,
          saegor_snake_ambush
D:5:      layout_gridville, mainiacjoe_overflow_alcove_2,
          mainiacjoe_overflow_boulevard, hangedman_decor_opposing, uniq_pikel,
          uniq_sigmund
D:6:      layout_loops_ring, lemuel_tele_altar, nicolae_overflow_two_pavilions,
          minmay_temple_entry_offerings, nicolae_ossuary_entry_ruins,
          eino_small_chamber_without_monster, serial_bayou_lake_a,
          uniq_crazy_yiuf_cottage, uniq_edmund, uniq_eustachio

Notes
Turn   | Place    | Note
-------+----------+-------------------------------------------
     0 | D:1      | Jonathan123 the Coglin Gladiator began the quest for the
                  | Orb.
     0 | D:1      | Reached XP level 1. HP: 16/16 MP: 1/1
   227 | D:1      | Reached XP level 2. HP: 22/22 MP: 2/2
   698 | D:1      | Reached XP level 3. HP: 27/27 MP: 3/3
   881 | D:2      | Reached skill level 1 in Armour
   881 | D:2      | Reached skill level 3 in Dodging
  1691 | D:3      | Reached XP level 4. HP: 21/34 MP: 4/4
  1759 | D:3      | Found a shimmering altar of Xom.
  1943 | D:3      | Reached skill level 4 in Long Blades
  2111 | D:3      | Identified 2 scrolls of identify
  2111 | D:3      | Identified a scroll of blinking
  2114 | D:3      | Reached XP level 5. HP: 38/40 MP: 5/5
  2116 | D:3      | Identified a potion of curing
  2399 | D:4      | Found Oros's Assorted Antiques.
  2407 | D:4      | Bought a potion of curing for 81 gold pieces
  2418 | D:4      | Reached skill level 3 in Fighting
  2610 | D:4      | Reached skill level 2 in Armour
  2649 | D:4      | Identified 2 scrolls of enchant weapon
  2673 | D:4      | Reached XP level 6. HP: 41/47 MP: 6/6
  2707 | D:4      | HP: 10/47 [iguana (11)]
  2708 | D:4      | HP: 2/47 [iguana (9)]
  2715 | D:3      | HP: 3/47 [iguana (6)]
  3307 | D:4      | Reached skill level 5 in Long Blades
  3545 | D:4      | Reached XP level 7. HP: 44/53 MP: 7/7
  3620 | D:5      | Entered Level 5 of the Dungeon
  3621 | D:5      | Noticed Pikel
  3768 | D:4      | Identified a scroll of revelation
  3769 | D:4      | Identified a scroll of teleportation
  3770 | D:4      | Identified a scroll of fear
  3835 | D:4      | Killed Pikel
  3836 | D:4      | Reached skill level 4 in Fighting
  3836 | D:4      | Reached skill level 6 in Long Blades
  3836 | D:4      | Reached skill level 3 in Armour
  3836 | D:4      | Reached skill level 4 in Dodging
  3836 | D:4      | Reached XP level 8. HP: 21/61 MP: 8/8
  4020 | D:5      | Found an iron altar of Okawaru.
  4067 | D:5      | Became a worshipper of Warmaster Okawaru
  4458 | D:5      | Noticed Sigmund
  4466 | D:5      | Killed Sigmund
  4466 | D:5      | Reached * piety under Okawaru
  4467 | D:5      | Reached skill level 7 in Long Blades
  4511 | D:5      | Identified a scroll of noise
  4562 | D:5      | Found a bloodstained altar of Trog.
  4597 | D:5      | Identified a scroll of immolation
  4834 | D:6      | Found a staircase to the Ecumenical Temple.
  4853 | D:6      | Noticed Edmund
  4867 | D:6      | Killed Edmund
  4868 | D:6      | Reached skill level 5 in Fighting
  4868 | D:6      | Reached skill level 4 in Armour
  4868 | D:6      | Reached skill level 1 in Invocations
  4967 | D:6      | Found an ornate altar of the Wu Jian Council.
  4967 | D:6      | Found a radiant altar of Vehumet.
  4977 | D:6      | Reached skill level 5 in Dodging
  4987 | D:6      | Reached XP level 9. HP: 68/68 MP: 6/10
  5006 | D:6      | Identified an amulet of guardian spirit
  5028 | D:6      | Noticed Eustachio
  5033 | D:6      | Killed Eustachio
  5111 | D:6      | Found a runed translucent door.
  5112 | D:6      | Noticed Crazy Yiuf
  5200 | D:6      | Found a sparkling altar of Nemelex Xobeh.
  5387 | D:6      | Reached skill level 2 in Invocations
  5389 | D:6      | HP: 11/68 [electric eel/bolt of electricity (13)]
  5390 | D:6      | HP: 3/68 [electric eel/bolt of electricity (9)]
  5391 | D:6      | Identified 2 potions of resistance
  5392 | D:6      | Identified 2 potions of attraction
  5393 | D:6      | HP: 1/68 [electric eel/bolt of electricity (3)]
  5396 | D:6      | Killed from afar by an electric eel

Vanquished Creatures
  Pikel (D:4)
  Sigmund (D:5)
  Eustachio (D:6)
  Edmund (D:6)
  A water moccasin (D:5)
  A sky beast (D:5)
  An ogre (D:6)
  A black bear (D:6)
  2 lemures (D:4)
  4 scorpions
  An electric eel (D:6)
  A hound (D:4)
  An orc priest (D:3)
  A jelly (D:6)
  A gnoll bouda (D:6)
  4 iguanas
  10 adders
  9 gnolls
  A ribbon worm (D:4)
  2 dart slugs
  16 orcs
  11 ball pythons
  8 bats
  3 endoplasms
  7 giant cockroaches
  10 goblins
  5 hobgoblins
  10 jackals
  6 quokkas
  2 frilled lizards (D:1)
  6 kobolds
  4 rats
133 creatures vanquished.

Vanquished Creatures (others)
  An adder (D:6)
1 creature vanquished.

Grand Total: 134 creatures vanquished

Table legend: (Time is in decaauts)
 A = Elapsed time spent in this place.
 B = Non-inter-level travel time spent in this place.
 C = Inter-level travel time spent in this place.
 D = Time resting spent in this place.
 E = Time spent auto-exploring this place.
 F = Levels seen in this place.
 G = Mean time per level.
                   A        B        C        D        E       F      G
               +--------+--------+--------+--------+--------+-----+--------+
         Total |   5471 |   5233 |    238 |    741 |   3502 |   6 |  911.8 |
       Dungeon |   5471 |   5233 |    238 |    741 |   3502 |   6 |  911.8 |
               +--------+--------+--------+--------+--------+-----+--------+

Top non-repeatable levels by time:
     D:4: 1329 daAuts
     D:3: 1007 daAuts
     D:2: 948 daAuts
     D:5: 868 daAuts
     D:1: 743 daAuts
     D:6: 574 daAuts

Table legend:
 A = Kills in this place as a percentage of kills in the entire game.
 B = Kills by you in this place as a percentage of kills by you in the entire game.
 C = Kills by friends in this place as a percentage of kills by friends in the entire game.
 D = Other kills in this place as a percentage of other kills in the entire game.
 E = Experience gained in this place as a percentage of experience gained in the entire game.
 F = Experience gained in this place divided by the number of levels of this place that you have seen.
                   A       B       C       D       E      F
               +-------+-------+-------+-------+-------+----------------------
         Total | 100.0 | 100.0 |   N/A |   N/A | 100.0 | 490.2
       Dungeon | 100.0 | 100.0 |   N/A |   N/A | 100.0 | 490.2
               +-------+-------+-------+-------+-------+----------------------

Table legend:
 A = Non-vault XP
 B = Vault XP
 C = Vault XP percentage of total XP
 D = Non-vault monster count
 E = Vault monster count
 F = Vault count percentage of total count
                 A         B        C        D         E       F
            +---------+---------+-------+---------+---------+-------
      Total |    1656 |    1285 |  43.7 |     123 |       8 |   6.1
            +---------+---------+-------+---------+---------+-------
        D:1 |      34 |       0 |   0.0 |      19 |       0 |   0.0
        D:2 |      46 |       0 |   0.0 |      21 |       0 |   0.0
        D:3 |     218 |       0 |   0.0 |      35 |       0 |   0.0
        D:4 |     294 |     671 |  69.5 |      21 |       5 |  19.2
        D:5 |     420 |     239 |  36.3 |      13 |       1 |   7.1
        D:6 |     644 |     375 |  36.8 |      14 |       2 |  12.5
            +---------+---------+-------+---------+---------+-------
